 Dungeon Crawl Stone Soup version 0.18-a0-1577-gf591c28 (webtiles) character file.

7123 angel3174 the Basher (level 11, -6/71 HPs)
             Began as a Gargoyle Berserker on Mar 17, 2016.
             Was a High Priest of Trog.
             Mangled by a large slime creature (30 damage)
             ... on level 10 of the Dungeon on Mar 18, 2016.
             The game lasted 00:45:17 (9303 turns).

angel3174 the Basher (Gargoyle Berserker)           Turns: 9303, Time: 00:45:18

Health: -6/71      AC: 26    Str: 24    XL:     11   Next: 10%
Magic:  11/11      EV:  9    Int:  9    God:    Trog [*****.]
Gold:   131        SH:  0    Dex: 10    Spells: 0 memorised, 10 levels left

rFire  . . .     SeeInvis +     L - +2 mace (crush)
rCold  . . .     Gourm    .     a - +0 plate armour
rNeg   + . .     Faith    .     (no shield)
rPois  ∞         Spirit   .     H - +2 hat {SInv}
rElec  +         Dismiss  .     (no cloak)
rCorr  .         Reflect  .     F - +0 pair of gloves
SustAt .         Harm     .     D - +0 pair of boots
MR     .....                    s - amulet of regeneration
Stlth  ..........               (no ring)
                                x - ring of see invisible

@: not resistant to hostile enchantments, extremely unstealthy
A: clever 1, negative energy resistance 1, electricity resistance, unbreathing,
petrification resistance, rot immunity, AC +7
a: Berserk, Trog's Hand, Brothers in Arms, Burn Spellbooks, Renounce Religion


You were on level 10 of the Dungeon.
You worshipped Trog.
Trog was extremely pleased with you.
You were not hungry.

You visited 1 branch of the dungeon, and saw 10 of its levels.

You collected 651 gold pieces.
You spent 520 gold pieces at shops.

Inventory:

Hand Weapons
 b - a +3 hand axe
 y - a +1 mace of holy wrath
 B - a +0 shortbow
 L - a +2 mace of crushing (weapon)
Missiles
 v - 130 arrows
Armour
 a - a +0 plate armour (worn)
 g - a troll hide
 i - a troll hide
 A - a +2 hat
 D - a +0 pair of boots (worn)
 F - a +0 pair of gloves (worn)
 H - a +2 hat of see invisible (worn)
Jewellery
 m - an uncursed amulet of the gourmand
 n - an uncursed ring of fire
 s - an amulet of regeneration (around neck)
 x - a ring of see invisible (left hand)
Wands
 f - a wand of iceblast (3/15)
 w - a wand of flame (21/48)
 E - a wand of iceblast (4/15)
 I - a wand of lightning (1/15)
 K - a wand of flame (18/48)
Scrolls
 h - 3 scrolls of teleportation
 p - a scroll of remove curse
 u - a scroll of immolation
 G - 2 scrolls of identify
Potions
 j - 2 potions of might
 o - 2 potions of curing
 r - a potion of cancellation
 t - 2 potions of flight
 C - 4 potions of brilliance
 N - a potion of cure mutation
Books
 e - a book of Transfigurations

   Spells                             Type                      Level
   a - Irradiate                      Conjuration/Transmutation    5
   b - Statue Form                    Transmutation/Earth          6
   c - Hydra Form                     Transmutation                6
   d - Dragon Form                    Transmutation                7
   Trog disapproves of the use of such an item.
 O - a book of Transfigurations

   Spells                             Type                      Level
   a - Irradiate                      Conjuration/Transmutation    5
   b - Statue Form                    Transmutation/Earth          6
   c - Hydra Form                     Transmutation                6
   d - Dragon Form                    Transmutation                7
   Trog disapproves of the use of such an item.
Miscellaneous
 z - a disc of storms
 J - a plain deck of defence
Comestibles
 c - 8 bread rations
 d - 5 beef jerkies
 k - 3 meat rations
 l - 2 slices of pizza
 M - 8 chunks of flesh


   Skills:
 * Level 9.3 Fighting
 * Level 10.2 Maces & Flails
 * Level 9.5 Armour
 * Level 6.2 Dodging


You had 10 spell levels left.
You didn't know any spells.

Dungeon Overview and Level Annotations

Branches:
Dungeon (10/15)            Temple (0/1) D:5
   Lair: D:8-11         Orc: D:9-12

Altars:
Ashenzari
Cheibriados
Dithmenos
Fedhas
Makhleb
Qazlal
Sif Muna
Trog
Vehumet
Xom

Shops:
D:9 }


Innate Abilities, Weirdness & Mutations

You are resistant to torment.
Your stone body is resilient (AC +7).
You are immune to poison.
You resist negative energy.
You are resistant to electric shocks.
You can survive without breathing.
You are immune to petrification.
You are immune to rotting.
Your mind is acute. (Int +2)


Message History

The large slime creature hits you but does no damage.
You sock the large slime creature!
The large slime creature is moderately wounded.
The large slime creature hits you but does no damage.
Your plate armour prevents you from hitting the large slime creature.
The large slime creature is moderately wounded.
The large slime creature barely misses you.
You sock the large slime creature!
The large slime creature is heavily wounded.
The large slime creature hits you!!
You hit the large slime creature.
The large slime creature is heavily wounded.
The large slime creature hits you!!
* * * LOW HITPOINT WARNING * * *
Drink which item? (? for menu, Esc to quit)
You feel much better. The large slime creature hits you!!
Okay, then.
Your ogre goes berserk!
You feel somewhat more hungry. The large slime creature hits you!!
You die...

#..# #..# # #..# #..####### #
###..# #####......... . ..#### #
#............. . ..# ##.#
#............. .. ### .....
######.####### # ?≈....#### #.# #
### .≈....JJO# #.########### ..#
..≈...##@####............ ..#
..... #................. ..# ##.#
#..############### ..#### # ##..#
# .....# #...# # .....# #...# #
...).# #...###############
.....##########..................
.................................


You could see a large slime creature, a jelly and a friendly ogre (berserk).

Vanquished Creatures
  An unseen horror (D:9)
  3 trolls
  A spriggan (D:9)
  A yak (D:9)
  A hippogriff (D:7)
  Grum (D:9)
  Duvessa (D:7)
  2 orc warriors
  5 ice beasts
  A sky beast (D:7)
  2 black bears
  A wasp (D:7)
  5 ogres
  3 wolves (D:9)
  3 phantoms
  4 centaurs
  2 big kobolds
  6 giant frogs
  Dowan (D:7)
  3 scorpions
  12 killer bees (D:9)
  5 wights (D:8)
  2 howler monkeys (D:5)
  5 crimson imps
  2 centaur zombies
  A hound (D:8)
  4 jellies
  A gnoll shaman (D:5)
  2 orc priests (D:9)
  2 centaur skeletons
  3 giant frog skeletons
  An iguana (D:8)
  An orc wizard (D:7)
  12 worker ants
  A hound zombie (D:7)
  A howler monkey skeleton (D:4)
  7 gnolls
  10 adders
  A shadow imp (D:7)
  An ooze (D:1)
  2 adder skeletons
  2 adder zombies
  5 worms
  3 dart slugs
  7 giant geckos
  12 orcs
  11 bats
  6 giant cockroaches
  8 goblins
  8 hobgoblins
  5 quokkas
  A giant gecko skeleton (D:5)
  5 giant newts
  17 kobolds
  2 quokka skeletons (D:5)
  A quokka zombie (D:5)
  15 rats
  2 plants (D:4)
233 creatures vanquished.

Vanquished Creatures (others)
  An orc warrior (D:7)
  A giant frog (D:7)
  A hound (D:7)
  A worker ant (D:7)
  An adder (D:7)
  A shadow imp (D:7)
  An orc (D:7)
  A toadstool (D:10)
8 creatures vanquished.

Grand Total: 241 creatures vanquished

Notes
Turn   | Place    | Note
--------------------------------------------------------------
     0 | D:1      | angel3174 the Gargoyle Berserker began the quest for the Orb.
     0 | D:1      | Reached XP level 1. HP: 14/14 MP: 1/1
   146 | D:1      | Reached XP level 2. HP: 17/19 MP: 2/2
   689 | D:1      | Reached XP level 3. HP: 24/24 MP: 3/3
  1463 | D:2      | Reached ** piety under Trog
  1572 | D:2      | Reached XP level 4. HP: 29/29 MP: 4/4
  2891 | D:3      | Noticed a giant frog
  2906 | D:3      | Killed a giant frog
  2906 | D:3      | Reached XP level 5. HP: 10/33 MP: 5/5
  3076 | D:3      | Reached skill level 4 in Maces & Flails
  3219 | D:4      | Noticed an ogre
  3230 | D:4      | Killed an ogre
  3230 | D:4      | Reached XP level 6. HP: 25/39 MP: 6/6
  3518 | D:4      | Noticed a moth of wrath
  3520 | D:4      | Found a bloodstained altar of Trog.
  3664 | D:4      | Reached XP level 7. HP: 42/44 MP: 7/7
  3817 | D:5      | Entered Level 5 of the Dungeon
  3840 | D:5      | Reached skill level 5 in Fighting
  3881 | D:5      | Found a blossoming altar of Fedhas.
  3978 | D:5      | Reached *** piety under Trog
  4019 | D:5      | Found a staircase to the Ecumenical Temple.
  4037 | D:5      | Reached skill level 5 in Maces & Flails
  4669 | D:5      | Reached XP level 8. HP: 50/50 MP: 8/8
  4791 | D:6      | Reached skill level 5 in Armour
  4935 | D:6      | Reached skill level 6 in Maces & Flails
  5288 | D:6      | Gained mutation: You are clumsy. (Dex -2) [potion of mutation]
  5288 | D:6      | Gained mutation: You occasionally shout uncontrollably at your foes. [potion of mutation]
  5288 | D:6      | Gained mutation: You are frail (-10% HP). [potion of mutation]
  5289 | D:6      | Lost mutation: You are frail (-10% HP). [potion of cure mutation]
  5289 | D:6      | Lost mutation: You are clumsy. (Dex -2) [potion of cure mutation]
  5289 | D:6      | Lost mutation: You occasionally shout uncontrollably at your foes. [potion of cure mutation]
  5290 | D:6      | Gained mutation: Your natural rate of healing is unusually fast. [potion of mutation]
  5290 | D:6      | Gained mutation: Your mind is acute. (Int +2) [potion of mutation]
  5290 | D:6      | Lost mutation: Your natural rate of healing is unusually fast. [potion of mutation]
  5323 | D:6      | Reached skill level 5 in Dodging
  5549 | D:7      | Noticed a troll
  5560 | D:7      | Killed a troll
  5560 | D:7      | Reached XP level 9. HP: 56/56 MP: 9/9
  5565 | D:7      | Reached skill level 7 in Maces & Flails
  5576 | D:7      | Found a shimmering altar of Xom.
  6127 | D:7      | Noticed Duvessa
  6129 | D:7      | Noticed Dowan
  6141 | D:7      | Killed Duvessa
  6157 | D:7      | Killed Dowan
  6272 | D:7      | Reached **** piety under Trog
  6325 | D:7      | Reached skill level 8 in Maces & Flails
  7153 | D:8      | Reached XP level 10. HP: 64/64 MP: 10/10
  7177 | D:8      | Found a burning altar of Makhleb.
  7177 | D:8      | Noticed a blizzard demon
  7202 | D:8      | Found a shattered altar of Ashenzari.
  7835 | D:8      | Found a snail-covered altar of Cheibriados.
  7835 | D:8      | Found a stormy altar of Qazlal.
  7962 | D:9      | Found Dici's Gadget Shop.
  7978 | D:9      | Bought a disc of storms for 260 gold pieces
  7978 | D:9      | Bought a wand of lightning (2/15) for 78 gold pieces
  7978 | D:9      | Bought a plain deck of defence for 182 gold pieces
  8046 | D:9      | Reached skill level 9 in Maces & Flails
  8075 | D:9      | Noticed an unseen horror
  8109 | D:9      | Noticed Grum
  8124 | D:9      | Killed an unseen horror
  8256 | D:9      | Found a radiant altar of Vehumet.
  8289 | D:9      | Reached ***** piety under Trog
  8318 | D:9      | Found a deep blue altar of Sif Muna.
  8319 | D:9      | Found a shadowy altar of Dithmenos.
  8352 | D:9      | Killed Grum
  8407 | D:9      | Reached skill level 10 in Maces & Flails
  8658 | D:10     | Entered Level 10 of the Dungeon
  8674 | D:10     | Reached XP level 11. HP: 36/71 MP: 11/11
  8748 | D:10     | Identified a scroll of acquirement
  9303 | D:10     | Mangled by a large slime creature

Vault maps used:
D:1:      lightli_arrival_flooded_house
D:3:      serial_bayou_pond_a
D:4:      tgw_trog, lexackson_kobold_supper
D:5:      minmay_temple_entry_crystal_x, first_bread, basic_altar
D:7:      xom_confusion_cloud, uniq_duvessa
D:8:      lemuel_crystal_altar, gammafunk_temple_overflow_statue,
          makhleb_altar_promises_db
D:9:      grunt_temple_overflow_open, serial_shops,
          nicolae_shop_competitors_out_of_business, the_bakery,
          corexii_corridor_pit, grunt_tough_drop, uniq_grum
D:10:     lasty_cornered_adventurer

Skill      XL: |  1  2  3  4  5  6  7  8  9 10 |
---------------+-------------------------------+-----
Dodging        | 2 3 4 5 6 |  6.2
Fighting       | 4 5 6 7 9 |  9.3
Maces & Flails | 4 5 6 8 10 | 10.2
Armour         | 3 4 5 7 9 |  9.5

Action                   |  1- 3 |  4- 6 |  7- 9 | 10-12 || total
-------------------------+-------+-------+-------+-------++-------
Melee: Mace              |   143 |   182 |   665 |   444 ||  1434
Invok: Trog's Hand       |     1 |     2 |     2 |     1 ||     6
       Berserk           |       |     1 |     1 |     1 ||     3
       Brothers in Arms  |       |       |       |     1 ||     1
Evoke: Wand              |       |       |       |     2 ||     2
  Use: Scroll            |       |       |    17 |     5 ||    22
       Potion            |       |       |     6 |     3 ||     9
  Eat: Chunk             |     9 |    11 |    21 |     2 ||    43
       Bread ration      |       |       |       |     2 ||     2
